 Dungeon Crawl Stone Soup version 0.30.1-9-gdf580d7c3d (webtiles) character file.

Game seed: 14800015172660135276

51 Janerl the Trooper (level 3, -1/40 HPs)
             Began as an Ogre Cinder Acolyte on Oct 7, 2023.
             Was a High Priest of Ignis.
             Slain by a goblin
             ... wielding a +0 club
             ... led by Robin
              (2 damage)
             ... on level 2 of the Dungeon.
             The game lasted 00:08:23 (1112 turns).

Janerl the Trooper (Ogre Cinder Acolyte)            Turns: 1112, Time: 00:08:23

Health: -1/40      AC:  3    Str: 18    XL:     3   Next: 83%
Magic:  1/4        EV:  9    Int: 15    God:    Ignis [*****.]
Gold:   66         SH:  0    Dex:  6    Spells: 2/4 levels left

rFire   + . .        a - -1 spear (flame)
rCold   . . .        (no shield)
rNeg    . . .        b - +0 robe
rPois   .            (helmet restricted)
rElec   .            (no cloak)
rCorr   .            (gloves unavailable)
SInv    .            (boots unavailable)
Will    .....        (no amulet)
Stlth   +            (no ring)
HPRegen 0.26/turn    (no ring)
MPRegen 0.09/turn

%: no passive effects
@: lethally poisoned (-1 -> -5), hasted, very quick
A: large, unfitting armour, tough skin 1
a: Renounce Religion, Fiery Armour, Foxfire Swarm, Rising Flame


You were on level 2 of the Dungeon.
You worshipped Ignis.
Ignis was extremely pleased with you.
You visited 1 branch of the dungeon, and saw 2 of its levels.

You collected 66 gold pieces.

Inventory:

Hand Weapons
 a - a -1 spear of flaming (weapon)
 e - a +0 mace of protection
Armour
 b - a +0 robe (worn)
Scrolls
 d - a scroll of brand weapon {unknown}
 f - a scroll of identify {unknown}
Potions
 h - a potion of cancellation {unknown}


   Skills:
 + Level 4.3 Fighting
 + Level 3.6 Polearms
 + Level 1.1 Dodging
 + Level 1.3 Spellcasting
 + Level 3.1 Fire Magic


You had 2 spell levels left.
You knew the following spells:

 Your Spells              Type           Power      Damage    Failure   Level
a - Scorch                Fire           20%        2d5       10%         2

Your spell library contained the following spells:

 Spells                   Type           Power      Damage    Failure   Level


Dungeon Overview and Level Annotations

Branches:
Dungeon (2/15)

Altars:


Innate Abilities, Weirdness & Mutations

You are too large for most types of armour.
You have tough skin. (AC +1)


Message History

You feel sick.
The goblin hits you with a +2 dagger of venom.
The goblin hits you but does no damage. The goblin barely misses you.
Your Dodging skill increases to level 1!
The goblin attacks as you move away! The goblin barely misses you.
You feel sick. The goblin hits you with a +0 club.
The goblin attacks as you move away!
The goblin hits you with a +2 dagger of venom.
* * * LOW HITPOINT WARNING * * *
You feel sick. The goblin hits you with a +0 club.
* * * LOW HITPOINT WARNING * * *
The goblin attacks as you move away!
The goblin hits you with a +2 dagger of venom.
* * * LOW HITPOINT WARNING * * *
The goblin attacks as you move away! The goblin barely misses you.
You feel sick.
It was a potion of curing.
You feel better.
The goblin no longer looks unusually strong.
The goblin hits you but does no damage. The goblin attacks as you move away!
The goblin barely misses you.
The goblin hits you with a +2 dagger of venom.
* * * LOW HITPOINT WARNING * * *
You are poisoned.
* * * LOW HITPOINT WARNING * * *
You feel sick.
Okay, then.
Reach: a) -1 spear (flame)
Press: ? - help, Dir - move target, f - goblin
Aim: a goblin, wielding a +0 club (strong, about 50% to evade your -1 spear of flaming)
You hit the goblin. You burn the goblin.
You kill the goblin!
* * * LOW HITPOINT WARNING * * *
You feel sick.
The goblin hits you with a +2 dagger of venom.
* * * LOW HITPOINT WARNING * * *
It was a potion of haste.
You feel yourself speed up.
* * * LOW HITPOINT WARNING * * *
You feel sick. The goblin barely misses you.
The goblin hits you with a +0 club.
You die...

#.†#..#...............
#..# ########.#######
#..# ...............
#..#
#########.########
#..#
#......##.........
#..#
#......##..#######
#..# #..........#
#......###.# #@.....#
#.# #gg..).# #.#
#g.....# #.# #......#
#.# #.)....# .#
##.##### .# #)# .).
....#


You could see a hobgoblin and 2 goblins.

Vanquished Creatures
  Robin (D:2)
  A dart slug (D:2)
  3 endoplasms
  2 giant cockroaches (D:1)
  5 goblins (D:2)
  4 hobgoblins (D:2)
  2 kobolds (D:1)
  3 quokkas (D:1)
  6 ball pythons (D:1)
  2 bats (D:1)
  2 frilled lizards (D:1)
  4 rats
35 creatures vanquished.

Notes
Turn   | Place    | Note
-------+----------+-------------------------------------------
     0 | D:1      | Janerl the Ogre Cinder Acolyte began the quest for the Orb.
     0 | D:1      | Reached XP level 1. HP: 24/24 MP: 2/2
   173 | D:1      | Reached XP level 2. HP: 31/32 MP: 3/3
   879 | D:1      | Reached XP level 3. HP: 38/39 MP: 4/4
   882 | D:1      | Learned a level 2 spell: Scorch
  1088 | D:2      | Noticed Robin
  1104 | D:2      | Killed Robin
  1105 | D:2      | Reached skill level 1 in Dodging
  1111 | D:2      | HP: 2/40 [goblin/+2 dagger of venom[Robin] (4)]
  1112 | D:2      | Slain by a goblin

Illustrated notes

Levels and vault maps discovered:
D:1:      heliophobic_arrival_ceremonial_halls, layout_basic
D:2:      layout_basic, uniq_jessica, uniq_robin

Skill      XL: |  1  2  3 |
---------------+----------+-----
Fire Magic     | 3 |  3.1
Dodging        | 1 |  1.1
Fighting       | |  4.3
Polearms       | |  3.6
Spellcasting   | |  1.3

Action                     || total
---------------------------++-------
  Melee: Spear             ||    95
   Cast: Scorch            ||     4
    Use: Potion            ||     2
 Armour: Robe              ||    34
  Dodge: Dodged            ||    38
